Map: [ESL] Oceanborn

Players

MacSed

  • Race: Protoss Protoss
  • Spawn Location: 5:00

Jim - Winner!

  • Race: Protoss Protoss
  • Spawn Location: 11:00

Event: ESL SC2 Masters 2024 Spring (Regional)

VOD

Have the link to the VOD?

Description

Time

  • Played on: April 17, 2024, 8:11 a.m.
  • Length: 6:31

All games in this series

Show
View Real Time Build Order
Export as new Build Order

MacSed Protoss 

Build Orders: Phoenix Opening, Blink Stalkers 

Get SALT Encoding   

  12  0:00  Probe  
  13  0:12  Probe  
  14  0:17  Pylon  
  14  0:24  Probe (Chrono Boost)  
  16  0:37  Probe (Chrono Boost), Gateway  
  16  0:43  Probe (Chrono Boost)  
  16  0:45  Assimilator  
  17  0:51  Probe  
  17  0:54  Assimilator  
  18  1:03  Probe (Chrono Boost)  
  19  1:07  Gateway  
  19  1:15  Probe (Chrono Boost)  
  20  1:21  Probe (Chrono Boost)  
  20  1:24  Cybernetics Core  
  21  1:29  Probe  
  22  1:34  Pylon  
  22  1:41  Probe  
  23  1:53  Probe  
  24  2:02  Sentry  
  24  2:03  Warp Gate, Stalker  
  28  2:15  Pylon  
  28  2:30  Nexus  
  28  2:33  Probe (Chrono Boost)  
  28  2:36  Sentry  
  31  2:38  Sentry  
  33  2:45  Probe (Chrono Boost)  
  34  2:53  Probe (Chrono Boost)  
  35  2:59  Twilight Council, Probe  
  35  3:01  Phoenix  
  36  3:11  Probe (Chrono Boost)  
  37  3:23  Probe (Chrono Boost)  
  38  3:28  Probe (Chrono Boost)  
  38  3:33  Blink (Chrono Boost)  
  39  3:42  Probe  
  39  3:44  Nexus  
  41  3:53  Stalker  
  41  3:54  Probe  
  44  3:57  Sentry  
  44  3:58  Shield Battery  
  45  4:03  Shield Battery  
  45  4:10  Gateway  
  45  4:12  Probe  
  46  4:17  Pylon  
  46  4:23  Stalker  
  44  4:27  Stalker  
  48  4:42  Gateway  
  48  4:43  Shield Battery  
  48  4:44  Shield Battery  
  46  4:51  Stalker x2  
  45  4:56  Probe  
  45  4:58  Probe  
  45  5:06  Stalker  
  41  5:12  Probe  
  35  5:15  Stalker x2  
  39  5:22  Pylon  
  37  5:30  Stalker  
  37  5:34  Pylon  
  34  5:40  Stalker x2  
  35  5:50  Stalker  
  37  6:03  Stalker  
  37  6:04  Zealot  
  33  6:14  Stalker  
  33  6:21  Stalker  
Show
View Real Time Build Order
Export as new Build Order

Jim Protoss - Winner!

Build Orders: Phoenix Opening 

Get SALT Encoding   

  12  0:00  Probe  
  13  0:12  Probe  
  14  0:17  Pylon  
  14  0:24  Probe (Chrono Boost)  
  15  0:36  Probe (Chrono Boost)  
  15  0:37  Gateway  
  16  0:45  Probe (Chrono Boost)  
  16  0:46  Assimilator  
  17  0:51  Probe  
  17  0:54  Assimilator  
  18  1:03  Probe (Chrono Boost)  
  19  1:05  Pylon  
  19  1:12  Probe (Chrono Boost)  
  19  1:17  Probe (Chrono Boost)  
  20  1:24  Cybernetics Core  
  21  1:29  Probe  
  21  1:30  Zealot  
  24  1:41  Probe  
  25  1:53  Probe  
  26  1:58  Warp Gate (Chrono Boost)  
  26  2:00  Sentry  
  28  2:09  Nexus  
  28  2:16  Pylon  
  28  2:18  Probe  
  29  2:23  Sentry  
  30  2:33  Phoenix, Probe  
  31  2:44  Gateway  
  31  2:46  Sentry, Gateway  
  31  2:49  Probe  
  34  2:58  Pylon  
  34  3:01  Probe  
  35  3:08  Sentry  
  37  3:13  Probe (Chrono Boost)  
  38  3:20  Gateway  
  38  3:21  Probe (Chrono Boost)  
  38  3:25  Probe (Chrono Boost)  
  40  3:30  Probe (Chrono Boost)  
  40  3:32  Probe (Chrono Boost)  
  42  3:35  Probe (Chrono Boost)  
  42  3:39  Stalker  
  42  3:40  Stalker  
  47  3:46  Stalker  
  47  3:48  Probe  
  50  3:50  Probe  
  51  4:07  Stalker x2  
  55  4:10  Stalker  
  55  4:14  Stalker  
  59  4:17  Pylon  
  59  4:31  Stalker  
  59  4:32  Stalker  
  59  4:39  Stalker x2  
  59  4:42  Probe x2  
  59  4:45  Shield Battery  
  65  4:46  Pylon  
  61  4:55  Shield Battery  
  61  4:57  Stalker  
  61  4:58  Zealot  
  57  5:12  Zealot, Stalker  
  61  5:16  Probe x2  
  61  5:22  Stalker  
  61  5:23  Zealot  
  61  5:28  Probe x2  
  61  5:33  Robotics Facility  
  61  5:36  Stalker  
  61  5:37  Zealot  
  61  5:40  Probe  
  61  5:41  Assimilator  
  66  5:45  Stalker  
  66  5:46  Zealot  
  68  5:52  Probe x2  
  68  6:03  Zealot, Stalker  
  70  6:07  Nexus  
  66  6:17  Zealot, Stalker  
  68  6:18  Probe  
  68  6:19  Probe  
Tags
 
Add a new tag
Caveats
  • Supply blocks, unpowered buildings, or Contaminate may cause inaccurate times.
  • Supply counts are checked every 10 seconds.